 Dungeon Crawl Stone Soup version 0.23.0-3-gf3c87f2 (webtiles) character file.

Game seed: 11225640640129983000

7953 Dazliare the Grappler (level 11, -3/90 HPs)
             Began as a White Draconian Transmuter on Feb 24, 2019.
             Was an Elder of Hepliaklqana.
             Slain by a phantasmal warrior (33 damage)
             ... led by a death knight
             ... on level 10 of the Dungeon.
             The game lasted 00:29:41 (12389 turns).

Dazliare the Grappler (White Draconian Transmuter) Turns: 12389, Time: 00:29:42

Health: -3/90      AC: 10    Str: 12    XL:     11   Next: 3%
Magic:  15/15      EV: 12    Int: 18    God:    Hepliaklqana [****..]
Gold:   413        SH:  0    Dex: 11    Spells: 4/16 levels left

rFire    x . .     SeeInvis .     - Unarmed
rCold    + + +     Gourm    .   (shield currently unavailable)
rNeg     . . .     Faith    .   (armour unavailable)
rPois    +         Spirit   .   (helmet currently unavailable)
rElec    .         Reflect  .   (cloak currently unavailable)
rCorr    .         Harm     .   (gloves currently unavailable)
MR       .....                  (boots currently unavailable)
Stlth    +.........             o - amulet of the acrobat
HPRegen  0.25/turn              r - +2 ring of evasion
MPRegen  0.14/turn              B - +4 ring of protection

@: ice-form, vulnerable
A: large, (breathe frost), unfitting armour, reduced essence, AC +7
a: End Transformation, Recall Ancestor, Ancestor Identity, Transference,
Idealise, Renounce Religion


You were on level 10 of the Dungeon.
You worshipped Hepliaklqana.
Hepliaklqana was greatly pleased with you.
You were hungry.
You were a creature of crystalline ice.
You visited 1 branch of the dungeon, and saw 10 of its levels.
You also visited: Bailey.

You collected 678 gold pieces.
You spent 265 gold pieces at shops.

Inventory:

Hand Weapons
 C - a +0 blowgun
Missiles
 a - 200 arrows
 f - 88 poisoned needles
Armour
 b - a scarf of resistance (melded)
 e - a +1 pair of gloves (melded)
 w - a +1 buckler of cold resistance (melded)
 y - a +0 pair of boots
 K - a +1 pair of boots (melded)
Jewellery
 o - an amulet of the acrobat (around neck)
 r - a +2 ring of evasion (left front paw)
 u - an uncursed ring of resist corrosion
 B - a +4 ring of protection (right front paw)
 D - an uncursed ring of wizardry {unknown}
 E - an uncursed ring of protection from fire {unknown}
 I - a cursed ring of attention {unknown}
 N - an uncursed ring of protection from cold {unknown}
 Q - a +4 ring of slaying {unknown}
Wands
 i - a wand of random effects (24)
 n - a wand of polymorph (3)
 x - a wand of flame (44)
Scrolls
 g - 3 scrolls of fear
 k - a scroll of amnesia {unknown}
 l - 3 scrolls of blinking
 q - 8 scrolls of teleportation {@r4}
 s - a scroll of magic mapping {unknown}
 t - 2 scrolls of enchant armour
 v - a scroll of immolation {!r}
 A - a scroll of enchant weapon {unknown}
 J - a scroll of brand weapon {unknown}
 O - a scroll of summoning {unknown}
 P - a scroll of torment {unknown}
Potions
 d - 5 potions of curing {@q1}
 h - 2 potions of lignification {!q}
 j - a potion of mutation {!q}
 m - 4 potions of heal wounds {@q2}
 p - a potion of brilliance
 z - 2 potions of haste {@q3}
 F - a potion of magic {unknown}
 G - a potion of resistance {unknown}
 H - a potion of experience {unknown}
 L - a potion of flight {unknown}
Comestibles
 c - 22 rations {@e1}


   Skills:
 - Level 4.0 Fighting
 - Level 1.7 Dodging
 - Level 4.0 Shields
 * Level 13.5 Unarmed Combat
 + Level 3.0 Spellcasting
 - Level 8.0 Transmutations
 - Level 3.0 Ice Magic


You had 4 spell levels left.
You knew the following spells:

 Your Spells              Type           Power        Failure   Level  Hunger
a - Beastly Appendage     Tmut           ####..       1%          1    None
b - Sticks to Snakes      Tmut           ####....     1%          2    ##.....
c - Spider Form           Tmut/Pois      ###.......   10%         3    ###....
d - Passwall              Tmut/Erth      ###.....     4%          2    ##.....
e - Ice Form              Ice/Tmut       ###.....     17%         4    ####...

Your spell library contained the following spells:

 Spells                   Type           Power        Failure   Level  Hunger
 Sandblast                Erth           #.....       16%         1    None
 Summon Small Mammal      Summ           #...         16%         1    None
 Call Imp                 Summ           #.......     24%         2    ##.....
 Petrify                  Tmut/Erth      ###.....     30%         4    ####...
 Call Canine Familiar     Summ           #.......     43%         3    ###....
 Stone Arrow              Conj/Erth      #.....       43%         3    ###....
 Summon Guardian Golem    Hex/Summ       #.......     43%         3    ###....
 Summon Ice Beast         Ice/Summ       #.......     65%         4    ####...
 Summon Lightning Spire   Summ/Air       #.......     85%         4    ####...
 Blade Hands              Tmut           ####......   17%         5    ######.
 Lee's Rapid Deconstruct  Erth           #.........   99%         5    ######.


Dungeon Overview and Level Annotations

Branches:
Dungeon (10/15)            Temple (0/1) D:5            Lair (0/6) D:8
    Orc (0/2) D:9

Altars:
Ashenzari
Cheibriados
Fedhas
Hepliaklqana
Nemelex Xobeh
Ru
Sif Muna
Xom
Yredelemnul
The Shining One

Shops:
D:6 [*[

Annotations:
D:4 3 runed translucent doors, luxidream's ghost, amateur MiBe
D:7 2 transporters, Morgon's ghost, novice DsAK
D:9 2 transporters, Gadfly's ghost, novice TrBe


Innate Abilities, Weirdness & Mutations

((You can breathe waves of freezing cold.))
((You can buffet flying creatures when you breathe cold.))
((Your icy white scales are hard. (AC +7)))
You cannot fit into any form of body armour.
((Your flesh is cold resistant. (rC+)))
((You are cold-blooded and may be slowed by cold attacks.))
Your life essence is reduced to manifest your ancestor. (-10% HP)


Message History

Unknown command.
Unknown command.
The phantasmal warrior blinks!
The killer bee stings you but does no damage.
MP restored: 15 The phantasmal warrior blinks!
The killer bee completely misses you. The killer bee closely misses you.
The killer bee seems less drained.
The killer bee closely misses you.
The phantasmal warrior blinks!
You hit the phantasmal warrior. The killer bee stings you.
* * * LOW HITPOINT WARNING * * *
The killer bee stings you but does no damage.
The phantasmal warrior hits you!
* * * LOW HITPOINT WARNING * * *
You take 10 damage, and have 29/90 hp.
You pummel the phantasmal warrior!! You freeze the phantasmal warrior.
The killer bee barely misses you.
The killer bee stings you but does no damage.
The phantasmal warrior hits you!!
You die...

.........................####....
....).......<....................
...))............................
................................[
.................................
.................#########.######
.#####.........W.# #.#..... .#
#.........y.# #.+..... .#
#....##+###Y# #....... .# #....#
#W# #..^^^.. .#####....#
#.#########..^_^.# ..........#
#............^.^.. ..........#
#................#
..........######.###+#######.....
.................# .......#..#..
..............(..# .....#..#..
.................# ...#..'..


You could see a phantasmal warrior, a wraith and a killer bee.

Vanquished Creatures
  A cyclops (D:8)
  3 trolls
  A steam dragon (D:9)
  A water moccasin (D:6)
  3 sky beasts (D:8)
  4 ice beasts
  4 orc warriors
  9 ogres
  A wolf (D:9)
  4 centaurs
  3 big kobolds
  6 bullfrogs
  5 gnoll sergeants (D:9)
  5 scorpions
  8 wights
  7 killer bees (D:10)
  A howler monkey (D:6)
  4 crimson imps
  A centaur zombie (D:5)
  2 jellies
  Crazy Yiuf (D:2)
  4 orc priests
  3 hounds
  8 orc wizards
  Terence (D:2)
  2 iguanas
  5 worker ants
  A centaur simulacrum (D:9)
  A hound skeleton (D:6)
  A howler monkey zombie (D:5)
  9 gnolls
  2 adders
  2 shadow imps
  3 adder skeletons
  A worm (D:2)
  2 dart slugs
  7 leopard geckos
  28 orcs
  2 ball pythons
  5 bats
  5 giant cockroaches
  9 goblins
  6 hobgoblins
  20 jackals
  4 quokkas
  4 frilled lizards
  A jackal zombie (D:7)
  19 kobolds
  A leopard gecko skeleton (D:6)
  6 rats
  A spectral orc (D:5)
237 creatures vanquished.

Vanquished Creatures (collateral kills)
  A polar bear (D:8)
  A yak (D:9)
  3 orc warriors
  An ice beast (D:6)
  A sky beast (D:8)
  3 ogres
  A necrophage (D:8)
  A big kobold (D:9)
  A scorpion (D:8)
  A killer bee (D:10)
  A wight (D:7)
  2 crimson imps
  A quasit (D:8)
  2 hounds
  A jelly (D:9)
  2 centaur skeletons (D:6)
  2 adders (D:5)
  A white imp (D:9)
  3 worms
  2 leopard geckos (D:4)
  3 orcs
  A giant cockroach (D:2)
  A goblin (Bailey)
  2 jackals (D:5)
  3 quokkas (D:3)
  8 kobolds
  A leopard gecko skeleton (D:4)
  A quokka skeleton (D:7)
51 creatures vanquished.

Vanquished Creatures (others)
  6 hexers
  A hound simulacrum (D:9)
  A white imp (D:9)
  5 ancestors
13 creatures vanquished.

Grand Total: 301 creatures vanquished

Notes
Turn   | Place    | Note
-------+----------+-------------------------------------------
     0 | D:1      | Dazliare the Draconian Transmuter began the quest for the
                  | Orb.
     0 | D:1      | Reached XP level 1. HP: 16/16 MP: 3/3
   261 | D:1      | Reached XP level 2. HP: 22/23 MP: 5/5
   268 | D:1      | Learned a level 2 spell: Sticks to Snakes
   951 | D:2      | Noticed Terence
  1135 | D:2      | Reached XP level 3. HP: 27/29 MP: 0/6
  1246 | D:2      | Reached skill level 4 in Unarmed Combat
  1262 | D:2      | Found a hazy altar of Hepliaklqana.
  1413 | D:2      | Became a worshipper of Hepliaklqana the Forgotten
  1638 | D:2      | Killed Terence
  1638 | D:2      | Reached XP level 4. HP: 31/33 MP: 0/7
  1646 | D:2      | Learned a level 3 spell: Spider Form
  2253 | D:2      | Found a runed translucent door.
  2254 | D:2      | Noticed Crazy Yiuf
  2293 | D:2      | Killed Crazy Yiuf
  2293 | D:2      | Reached skill level 5 in Unarmed Combat
  2293 | D:2      | Reached XP level 5. HP: 35/40 MP: 4/8
  3405 | D:3      | Reached * piety under Hepliaklqana
  3508 | D:4      | Found a snail-covered altar of Cheibriados.
  3714 | D:4      | Reached XP level 6. HP: 43/46 MP: 6/9
  3726 | D:4      | Found a runed translucent gate.
  3727 | D:4      | Found a runed translucent gate.
  3728 | D:4      | Found a runed translucent gate.
  3746 | D:4      | Noticed luxidream's ghost (amateur MiBe)
  3788 | D:4      | Reached skill level 6 in Unarmed Combat
  3948 | D:4      | Found a deep blue altar of Sif Muna.
  4078 | D:4      | Found a sacrificial altar of Ru.
  4078 | D:4      | Found a glowing golden altar of the Shining One.
  4214 | D:5      | Entered Level 5 of the Dungeon
  4225 | D:5      | Found a blossoming altar of Fedhas.
  4976 | D:5      | Reached skill level 7 in Unarmed Combat
  4976 | D:5      | Your scales start taking on an icy white colour.
  4976 | D:5      | Reached XP level 7. HP: 40/53 MP: 0/10
  4976 | D:5      | Gained mutation: Your flesh is cold resistant. (rC+) [White
                  | Draconian growth]
  5416 | D:5      | Found a sparkling altar of Nemelex Xobeh.
  5526 | D:5      | Found a staircase to the Ecumenical Temple.
  5596 | D:5      | Found a basalt altar of Yredelemnul.
  5804 | D:6      | Found Nixorgh's General Store.
  5860 | D:6      | Reached skill level 8 in Unarmed Combat
  5868 | D:6      | Reached XP level 8. HP: 19/59 MP: 6/11
  6093 | D:6      | Noticed a troll
  6101 | D:6      | Killed a troll
  6244 | D:6      | Found Fugyokh's Antique Armour Shop.
  6252 | D:6      | Reached skill level 9 in Unarmed Combat
  6258 | D:6      | Bought a shiny buckler for 157 gold pieces
  6345 | D:6      | Reached ** piety under Hepliaklqana
  6361 | D:6      | Reached skill level 1 in Shields
  6426 | D:6      | Found Hotya's Antique Armour Boutique.
  6434 | D:6      | Bought a pair of boots for 108 gold pieces
  6908 | D:7      | Found a transporter.
  6918 | D:7      | Reached skill level 5 in Transmutations
  6985 | D:7      | Learned a level 2 spell: Passwall
  7041 | D:7      | Noticed Morgon's ghost (novice DsAK)
  7314 | D:7      | Reached XP level 9. HP: 54/63 MP: 9/12
  7461 | D:7      | Found a transporter.
  7859 | D:8      | Found a shattered altar of Ashenzari.
  7906 | D:8      | Reached *** piety under Hepliaklqana
  7923 | D:8      | Found a staircase to the Lair.
  7934 | D:8      | Reached skill level 10 in Unarmed Combat
  7942 | D:8      | Learned a level 4 spell: Ice Form
  8131 | D:8      | Noticed a cyclops
  8160 | D:8      | Killed a cyclops
  8160 | D:8      | Reached skill level 11 in Unarmed Combat
  8180 | D:8      | Found a flagged portal.
  8189 | Bailey   | Entered a bailey
  8194 | Bailey   | Noticed an orc warlord
  8205 | Bailey   | Remembered your ancestor Solomon as a hexer
  8429 | Bailey   | Found a runed translucent gate.
  8431 | Bailey   | Found a runed translucent gate.
  8433 | Bailey   | Found a runed translucent gate.
  9318 | D:8      | Reached XP level 10. HP: 70/70 MP: 13/13
  9561 | D:8      | Identified a scroll of acquirement
  9925 | D:9      | Reached **** piety under Hepliaklqana
 10202 | D:9      | Noticed a spectral centaur warrior
 10204 | D:9      | Noticed Gadfly's ghost (novice TrBe)
 10208 | D:9      | Found a transporter.
 10231 | D:9      | Found a transporter.
 10512 | D:9      | Found a shimmering altar of Xom.
 10573 | D:9      | Reached skill level 12 in Unarmed Combat
 10742 | D:9      | Found a staircase to the Orcish Mines.
 11338 | D:9      | Reached skill level 1 in Ice Magic
 11543 | D:9      | Reached skill level 13 in Unarmed Combat
 11717 | D:10     | Entered Level 10 of the Dungeon
 11807 | D:10     | Found a shimmering altar of Xom.
 12153 | D:10     | Reached XP level 11. HP: 53/75 MP: 15/15
 12362 | D:10     | Noticed a phantasmal warrior
 12389 | D:10     | Slain by a phantasmal warrior

Skill      XL: |  1  2  3  4  5  6  7  8  9 10 11 |
---------------+----------------------------------+-----
Fighting       | 2 3 4 |  4.0
Unarmed Combat | 4 5 7 8 9 11 13 | 13.5
Transmutations | 3 5 7 8 |  8.0
Shields        | 3 4 |  4.0
Ice Magic      | 3 |  3.0
Spellcasting   | 3 |  3.0
Dodging        | |  1.7

Action                   |  1- 3 |  4- 6 |  7- 9 | 10-12 || total
-------------------------+-------+-------+-------+-------++-------
Melee: Unarmed           |   125 |   224 |   329 |   286 ||   964
       Tailslap          |    15 |    13 |    27 |    19 ||    74
       Headbutt          |     2 |       |       |       ||     2
       Punch             |     1 |     5 |     1 |       ||     7
 Cast: Beastly Appendage |     4 |       |       |       ||     4
       Sticks to Snakes  |     5 |       |     1 |       ||     6
       Spider Form       |       |    10 |    18 |    14 ||    42
       Ice Form          |       |       |       |     3 ||     3
Invok: Ancestor Identity |       |     1 |       |       ||     1
       Recall Ancestor   |       |       |     4 |       ||     4
       Ancestor Life: He |       |       |     1 |       ||     1
 Abil: Breathe Frost     |       |       |    10 |     7 ||    17
  Use: Scroll            |       |     9 |     4 |     3 ||    16
       Potion            |       |       |     1 |       ||     1
 Stab: Sleeping          |       |     1 |       |       ||     1
       Distracted        |       |       |     2 |     2 ||     4
       Confused          |       |       |     1 |     2 ||     3
  Eat: Chunk             |     3 |    11 |    20 |    13 ||    47
Armor: Skin              |    38 |    55 |    65 |    69 ||   227
Dodge: Dodged            |    86 |   151 |   324 |   224 ||   785
Block: Buckler           |       |       |    26 |    24 ||    50
